 Seeded DCSS version 0.29.1-15-g9cfb28693d (webtiles) character file.

Game seed: 11851575853161599096 (custom seed)

606032 Sanktem7 the Formicid Barricade (level 27, -8/244 HPs)
             Began as a Formicid Fighter on Mar 19, 2023.
             Was the Champion of Okawaru.
             Mangled by a seraph
             ... wielding a +3 great sword of flaming
              (38 damage)
             ... on level 4 of the Realm of Zot.
             The game lasted 02:12:54 (50224 turns).

Sanktem7 the Formicid Barricade (Formicid Fighter) Turns: 50224, Time: 02:12:54

Health: -8/244     AC: 50    Str: 48    XL:     27
Magic:  32/32      EV: 15    Int: 15    God:    Okawaru [******]
Gold:   6208       SH: 24    Dex: 11    Spells: 26/26 levels left

rFire   + + .      SeeInvis +   a - +7 executioner's axe "Widowmaker" {drain, Drain Fly rElec rN+++, axerare=g}
rCold   + + .      Faith    .   t - +2 shield of Resistance {rF++ rC++ Will++}
rNeg    + + +      Spirit   .   u - +15 Maxwell's patent armour {-Cast -Tele rElec Will+ rCorr}
rPois   +          Reflect  +   (helmet unavailable)
rElec   +          Harm     .   V - +4 dragonskin cloak
rCorr   +          Rampage  .   R - +2 pair of gloves "Qyejitewkee" {Fly Will+++ Regen+ Str-4}
Will    +++++      NoCast   +   X - +1 pair of boots of Yzovoqem {Str+3 SInv}
Stlth   ..........              N - amulet "Kisy" {Reflect Int+4 SH+5}
HPRegen 1.30/turn               G - ring "Zureulo" {Fly rPois Str+5}
MPRegen 0.23/turn               U - ring "Geisima" {Str+6 Slay+3}

@: flying, glowing, studying 3 skills
A: permanent stasis, dig shafts and tunnels, antennae 3, four strong arms,
hooves 1, clever 1, strong-willed 1, strong 1, no potion heal 2, subdued magic
1, inability to read after injury 1, sturdy frame 1
0: Orb of Zot
}: 3/15 runes: serpentine, barnacled, silver
a: Dig, Shaft Self, Renounce Religion, Heroism, Finesse, Duel


You were on level 4 of the Realm of Zot.
You worshipped Okawaru.
Okawaru was exalted by your worship.
You visited 9 branches of the dungeon, and saw 47 of its levels.
You visited the Abyss 1 time.
You also visited: Gauntlet and Volcano.

You collected 8019 gold pieces.
You spent 1811 gold pieces at shops.


Innate Abilities, Weirdness & Mutations

You cannot be hasted, slowed, berserked, paralysed or teleported.
You can dig through walls and to a lower floor.
You have a pair of large antennae on your head. (SInv)
Your four strong arms can wield two-handed weapons with a shield.
You have large cloven feet.
Your mind is acute. (Int +4, Str/Dex -1)
You are strong-willed. (Will+)
Your muscles are strong. (Str +4, Int/Dex -1)
Potions cannot restore your health.
Your spells are a little easier to cast, but a little less powerful.
You occasionally lose the ability to read scrolls when taking damage.
Your movements are slightly less encumbered by armour. (ER -2)


   Skills:
 + Level 25.9 Fighting
 - Level 24.0 Axes
 - Level 10.0 Throwing
 + Level 25.6 Armour
 + Level 14.3 Dodging
 O Level 27 Shields
 - Level 12.0 Invocations


You had 26 spell levels left.
You didn't know any spells.
Your spell library contained the following spells:

 Spells                   Type           Power      Damage    Failure   Level
 Apportation              Tloc           0%         N/A       38%         1
 Foxfire                  Conj/Fire      0%         2x1d4     38%         1
 Magic Dart               Conj           0%         1d3       38%         1
 Necrotise                Necr           0%         1d4       38%         1
 Sandblast                Erth           0%         2d4       38%         1
 Shock                    Conj/Air       0%         1d3       38%         1
 Ensorcelled Hibernation  Hex/Ice        0%         N/A       52%         2
 Passwall                 Tmut/Erth      0%         N/A       52%         2
 Poisonous Vapours        Pois/Air       0%         N/A       52%         2
 Searing Ray              Conj           0%         2d4       52%         2
 Static Discharge         Conj/Air       0%         3-3/arc   52%         2
 Conjure Flame            Conj/Fire      0%         6-21      77%         3
 Dazzling Flash           Conj/Hex       0%         N/A       77%         3
 Gell's Gravitas          Tloc           0%         N/A       77%         3
 Ignite Poison            Fire/Tmut/Pois 0%         N/A       77%         3
 Inner Flame              Hex/Fire       0%         N/A       77%         3
 Lesser Beckoning         Tloc           0%         N/A       77%         3
 Mephitic Cloud           Conj/Pois/Air  0%         N/A       77%         3
 Portal Projectile        Hex/Tloc       0%         N/A       77%         3
 Stone Arrow              Conj/Erth      0%         3d7       77%         3
 Teleport Other           Tloc           0%         N/A       77%         3
 Vampiric Draining        Necr           0%         2d6       77%         3
 Airstrike                Air            0%         2d(0-16)  99%         4
 Anguish                  Hex/Necr       0%         N/A       99%         4
 Corpse Rot               Necr/Pois/Air  0%         N/A       99%         4
 Dispel Undead            Necr           0%         3d6       99%         4
 Flame Wave               Conj/Fire      0%         2d4       99%         4
 Fulminant Prism          Conj/Hex       0%         3d6       99%         4
 Hailstorm                Conj/Ice       0%         3d3       99%         4
 Ice Form                 Ice/Tmut       0%         N/A       99%         4
 Iskenderun's Mystic Bla  Conj/Tloc      0%         2d3       99%         4
 Leda's Liquefaction      Hex/Erth       0%         N/A       99%         4
 Sticky Flame             Conj/Fire      0%         2d3       99%         4
 Agony                    Necr           0%         N/A       100%        5
 Alistair's Intoxication  Tmut/Pois      0%         N/A       100%        5
 Blade Hands              Tmut           0%         N/A       100%        5
 Borgnjor's Vile Clutch   Necr/Erth      0%         N/A       100%        5
 Freezing Cloud           Conj/Ice/Air   0%         6-21      100%        5
 Iskenderun's Battlesphe  Conj           0%         2d6       100%        5
 Lee's Rapid Deconstruct  Erth           0%         3d5*      100%        5
 Lightning Bolt           Conj/Air       0%         1d11      100%        5
 Dispersal                Tloc           0%         N/A       100%        6
 Eringya's Noxious Bog    Tmut/Pois      0%         N/A       100%        6
 Iron Shot                Conj/Erth      0%         9d1       100%        6
 Starburst                Conj/Fire      0%         6d3       100%        6
 Statue Form              Tmut/Erth      0%         N/A       100%        6
 Enfeeble                 Hex            0%         N/A       100%        7
 Disjunction              Tloc           0%         N/A       100%        8
 Lehudib's Crystal Spear  Conj/Erth      0%         10d2      100%        8
 Maxwell's Capacitive Co  Air            0%         ∞         100%        8
 Polar Vortex             Ice            0%         N/A       100%        9
 Summon Small Mammal      Summ           Unusable   N/A       N/A         1
 Call Canine Familiar     Summ           Unusable   N/A       N/A         3
 Summon Guardian Golem    Hex/Summ       Unusable   N/A       N/A         3
 Swiftness                Air            Unusable   N/A       N/A         3
 Tukima's Dance           Hex            Unusable   N/A       N/A         3
 Animate Armour           Summ/Erth      Unusable   N/A       N/A         4
 Summon Forest            Summ/Tloc      Unusable   N/A       N/A         5
 Simulacrum               Ice/Necr       Unusable   N/A       N/A         6
 Spellforged Servitor     Conj/Summ      Unusable   N/A       N/A         7
 Summon Hydra             Summ           Unusable   N/A       N/A         7

Inventory:

Hand Weapons
 a - the +7 executioner's axe "Widowmaker" (weapon) {drain, Drain Fly rElec rN+++, axerare=g}
   (Okawaru gifted it to you on level 10 of the Dungeon)

   A truly terrible weapon, it drains the life of any living foe it strikes.
   rElec:     It insulates you from electricity.
   rN:        It renders you almost immune to negative energy.
   Fly:       It grants you flight.
   Drain:     It drains your maximum health when unequipped.
 K - the +3 giant club "Skullcrusher" {speed, Str+7, mace}
   (You found it on level 3 of the Elven Halls)

   Attacks with this weapon are significantly faster.
   Str:       It affects your strength (+7).
Missiles
 h - 43 boomerangs (quivered) {throwing}
 k - 6 silver boomerangs {throwing}
 x - 26 javelins {throwing}
 Q - 17 silver javelins {throwing}
Armour
 t - the +2 shield of Resistance (worn) {rF++ rC++ Will++}
   (You acquired it on level 8 of the Dungeon)

   rF:        It greatly protects you from fire.
   rC:        It greatly protects you from cold.
   Will:      It greatly increases your willpower.
 u - the +15 Maxwell's patent armour (worn) {-Cast -Tele rElec Will+ rCorr}
   (You found it on level 3 of the Dungeon)

   rElec:     It insulates you from electricity.
   -Cast:     It prevents spellcasting.
   -Tele:     It prevents most forms of teleportation.
   rCorr:     It protects you from acid and corrosion.
   Will:      It increases your willpower.
 C - a +0 crystal plate armour {rare=g}
   (Okawaru gifted it to you on level 1 of the Realm of Zot)
 R - the +2 pair of gloves "Qyejitewkee" (worn) {Fly Will+++ Regen+ Str-4}
   (Okawaru gifted it to you on level 14 of the Dungeon)

   Str:       It affects your strength (-4).
   Fly:       It grants you flight.
   Regen:     It increases your rate of health regeneration.
   Will:      It greatly increases your willpower.
 V - the +4 dragonskin cloak (worn)
   (You took it off Tiamat on level 2 of the Realm of Zot)

   It grants the wearer a chance to resist fire, cold, poison, electricity,
   acid, and negative energy.
 X - the +1 pair of boots of Yzovoqem (worn) {Str+3 SInv}
   (Okawaru gifted it to you on level 4 of the Depths)

   Str:       It affects your strength (+3).
   SInv:      It lets you see invisible.
Jewellery
 m - the amulet "Riguz" {Faith *Slow rF+ Int+5}
   (You found it on level 4 of the Realm of Zot)

   [amulet of faith]

   It allows you to gain divine favour quickly.
   Int:       It affects your intelligence (+5).
   rF:        It protects you from fire.
   *Slow:     It may slow you when you take damage.
 G - the ring "Zureulo" (left hand) {Fly rPois Str+5}
   (You found it on level 3 of the Elven Halls)

   [ring of flight]

   Str:       It affects your strength (+5).
   rPois:     It protects you from poison.
   Fly:       It grants you flight.
 N - the amulet "Kisy" (around neck) {Reflect Int+4 SH+5}
   (You found it on level 7 of the Dungeon)

   [amulet of reflection]

   It reflects blocked missile attacks.
   Int:       It affects your intelligence (+4).
   SH:        It affects your SH (+5).
 U - the ring "Geisima" (right hand) {Str+6 Slay+3}
   (You bought it in a shop on level 4 of the Vaults)

   [ring of strength]

   Str:       It affects your strength (+6).
   Slay:      It affects your accuracy & damage with ranged weapons and melee
   (+3).
Wands
 j - a wand of polymorph (17)
   (You found it on level 4 of the Shoals)
 y - a wand of flame (32)
   (You found it on level 1 of the Depths)
 E - a wand of light (4)
   (You found it on level 3 of the Depths)
 W - a wand of iceblast (18)
   (You found it on level 4 of the Depths)
 Z - a wand of paralysis (22)
   (You found it on level 3 of the Elven Halls)
Scrolls
 b - a scroll of fog
 c - 4 scrolls of immolation {!r!r}
 i - 5 scrolls of blinking {!r}
 o - 9 scrolls of poison {!r}
 r - 2 scrolls of summoning
 w - 3 scrolls of brand weapon
 I - 8 scrolls of enchant weapon
 J - 29 scrolls of identify {@r1}
 L - 2 scrolls of enchant armour
 M - 11 scrolls of magic mapping {!r}
 T - 5 scrolls of vulnerability {!r!r}
 Y - 6 scrolls of fear
Potions
 d - 8 potions of might
 e - 31 potions of curing {@q1}
 f - 13 potions of haste {@q3}
 g - 4 potions of brilliance
 l - 3 potions of resistance
 n - 5 potions of attraction {!q}
 q - 6 potions of mutation {!q}
 v - 11 potions of flight
 z - 10 potions of heal wounds {@q2}
 A - a potion of magic
 B - 3 potions of berserk rage {!q}
 D - 8 potions of lignification {!q}
 H - 6 potions of invisibility
 O - 5 potions of cancellation
 S - 6 potions of ambrosia
Miscellaneous
 p - a condenser vane
   (You found it on level 4 of the Shoals)
 s - a phial of floods
   (You found it on level 5 of the Lair of Beasts)
 F - a piece from Xom's chessboard (15/15)
   (You found it on level 3 of the Elven Halls)
 P - a lightning rod (4/4)
   (You found it on level 1 of the Vaults)

Dungeon Overview and Level Annotations

Branches:
Dungeon (15/15)            Temple (0/1) D:5            Lair (5/5) D:9
 Shoals (4/4) Lair:3        Snake (4/4) Lair:2        Slime (0/5) Lair:5
    Orc (2/2) D:12            Elf (3/3) Orc:2        Vaults (5/5) D:14
  Crypt (0/3) Vaults:3     Depths (4/4) D:15            Zot (5/5) Depths:4
Volcano (visited)         Gauntlet (visited)

Altars:
Cheibriados
Kikubaaqudgha
Okawaru
Uskayaw
Vehumet
Wu Jian
Yredelemnul
Jiyva

Shops:
D:4 [   D:5 [   D:7 *   D:15 [   Orc:1 !=?   Orc:2 ((?!   Snake:4 =:=
Vaults:2 ?   Vaults:3 [   Vaults:4 =

Portals:
Hell: Depths:1 Depths:2 Depths:3 Depths:4
Abyss: Depths:3
Pandemonium: Depths:1 Depths:2 Depths:3 Depths:4
Ziggurat: Depths:4

Annotations:
Snake:1 Roxanne
Elf:1 2 transporters, Yvysoi's ghost, adept DjHW
Zot:1 3 runed translucent doors, Gupaxyh's ghost, veteran TrCA
Zot:5 exclusion: obsidian statue

####....§§§.###≈≈..####.
#≈≈###...§≈..≈≈§.≈≈##.#.
#..≈≈..≈≈..≈≈..§§.≈#....
#≈≈.§≈§.~≈≈~.≈≈..≈≈##.#.
#≈.§≈§§§≈.§≈≈..≈≈..##.##
#≈≈..§§)§§§.[)###≈≈#####
#.§§§###A§§.[.))####.##.
#≈≈###..AAA..........'..
####...@A.##.#########..
#)...A....# #..
########### ##. ## #


You could see a seraph (strong, catching breath), 2 daevas, 2 angels and a
cherub (summoned, sheltered).


Message History

Okay, then.
The barbs in your skin will harm you if you move.
Continue?
Okay, then.
The barbs in your skin will harm you if you move.
Continue?
The barbed spikes dig painfully into your body as you move.
* * * LOW HITPOINT WARNING * * *
😨 HP[-5]
You take 5 damage, and now have 93/244 hp.
Throw: 44 boomerangs {throwing}
Press: ? - help, Q - select action, (/) - cycle Shift-Dir - straight line, f - seraph
Aim: a seraph, wielding a +3 great sword of flaming and wearing +1 pearl dragon scales (haloed, 65% to hit)
You throw a boomerang {throwing}.
The boomerang {throwing} completely misses the seraph.
The daeva calls down the wrath of the Shining One upon you.
The Shining One smites you!
* * * LOW HITPOINT WARNING * * *
😨 HP[-12]
You take 12 damage, and now have 81/244 hp.
Unknown command.
Throw: 44 boomerangs {throwing}
Press: ? - help, Q - select action, (/) - cycle Shift-Dir - straight line, f/p - seraph
Aim: a seraph, wielding a +3 great sword of flaming and wearing +1 pearl dragon scales (haloed, 65% to hit)
You throw a boomerang {throwing}.
The boomerang {throwing} hits the seraph.
The daeva calls down the wrath of the Shining One upon you.
The Shining One smites you!
* * * LOW HITPOINT WARNING * * *
The seraph gestures.
The seraph begins to accept its allies' injuries. 😨 HP[-12]
You take 12 damage, and now have 69/244 hp.
Throw: 43 boomerangs {throwing}
Press: ? - help, Q - select action, (/) - cycle Shift-Dir - straight line, f/p - seraph
Aim: a seraph, wielding a +3 great sword of flaming and wearing +1 pearl dragon scales (black smoke, haloed, 65% to hit)
You throw a boomerang {throwing}.
The boomerang {throwing} hits the seraph!! 😨 HP[+1] Throw: 43 boomerangs {throwing}
Press: ? - help, Q - select action, (/) - cycle Shift-Dir - straight line, f/p - seraph
Aim: a seraph, wielding a +3 great sword of flaming and wearing +1 pearl dragon scales (lightly wounded, haloed, 65% to hit)
You throw a boomerang {throwing}.
The boomerang {throwing} hits the seraph!!
You carefully extract the barbed spikes from your body.
The seraph gestures. 😨 HP[+1] Throw: 43 boomerangs {throwing}
Press: ? - help, Q - select action, (/) - cycle Shift-Dir - straight line, f/p - seraph
Aim: a seraph, wielding a +3 great sword of flaming and wearing +1 pearl dragon scales (moderately wounded, haloed, 65% to hit)
You throw a boomerang {throwing}.
The boomerang {throwing} closely misses the seraph.
The seraph gestures. 😨 HP[+1] Really read
o - 9 scrolls of poison {!r}?
Okay, then.
Really read
o - 9 scrolls of poison {!r}?
You can't see any enemies this would affect, really read the scroll of poison?
Okay, then.
The cherub dissolves into sparkling lights!
The angel dissolves into sparkling lights!
The cherub dissolves into sparkling lights!
The angel dissolves into sparkling lights!
The seraph gestures.
The seraph begins to accept its allies' injuries.
The cherub sings a powerful hymn!
The angels go into a battle-frenzy!
The angel hits you with a +3 whip of holy wrath!
* * * LOW HITPOINT WARNING * * *
You block the angel's attack.
The seraph shouts a warning to its allies! 😱 HP[-13]
You take 13 damage, and now have 59/244 hp.
You cut the angel into ribbons!!!! You hit the angel.
The angel hits you with a +3 whip of holy wrath.
* * * LOW HITPOINT WARNING * * *
The angel hits you but does no damage. You block the angel's attack. x2
The daeva calls down the wrath of the Shining One upon you.
The Shining One smites you!
* * * LOW HITPOINT WARNING * * *
😱 HP[-12]
You take 12 damage, and now have 47/244 hp.
You miss the angel. You slash the angel!
The angel hits you with a +3 whip of holy wrath.
* * * LOW HITPOINT WARNING * * *
You block the angel's attack. The angel misses you.
The angel closely misses you.
The daeva calls down the wrath of the Shining One upon you.
The Shining One smites you!
* * * LOW HITPOINT WARNING * * *
😱 HP[-14]
You take 14 damage, and now have 33/244 hp.
Aiming: Duel (5% risk of failure)
Press: ? - help, Dir - move target, f/p - seraph
Aim: a seraph, wielding a +3 great sword of flaming and wearing +1 pearl dragon scales (heavily wounded, strong, catching its breath, haloed)
You fail to use your ability.
The angel hits you but does no damage. You block the angel's attack.
The angel hits you with a +2 sacred scourge of holy wrath.
* * * LOW HITPOINT WARNING * * *
You block the angel's attack.
The seraph hits you with a +3 great sword of flaming!!!
You die...

Skill      XL: |  1  2  3  4  5  6  7  8  9 10 11 12 13 14 15 16 17 18 19 20 21 22 23 24 25 26 27 |
---------------+----------------------------------------------------------------------------------+-----
Throwing       | 1 2 3 5 6 7 8 9 10 | 10.0
Axes           | 3 4 5 6 7 9 10 11 13 14 16 17 18 19 20 21 22 23 24 | 24.0
Armour         | 4 5 6 7 8 9 10 11 12 13 14 15 16 17 18 20 21 22 23 25 | 25.6
Fighting       | 4 5 6 7 8 9 10 11 12 13 14 15 16 18 19 20 21 22 23 25 | 25.9
Shields        | 5 6 8 10 11 12 13 15 16 17 18 19 20 21 22 23 24 27 | 27.0
Invocations    | 3 4 5 7 9 11 12 | 12.0
Dodging        | 4 7 9 14 | 14.3

Action                   |  1- 3 |  4- 6 |  7- 9 | 10-12 | 13-15 | 16-18 | 19-21 | 22-24 | 25-27 || total
-------------------------+-------+-------+-------+-------+-------+-------+-------+-------+-------++-------
Melee: War axe           |    27 |       |       |       |       |       |       |       |       ||    27
       Battleaxe         |    70 |   101 |   201 |    59 |       |       |       |       |       ||   431
       Broad axe         |       |       |       |   130 |       |       |       |       |       ||   130
       Executioner's axe |       |       |       |   104 |   755 |   885 |   867 |   620 |  1369 ||  4600
       Whip              |       |       |       |       |    52 |       |       |       |       ||    52
Throw: Boomerang         |       |       |       |       |       |       |    24 |       |     8 ||    32
       Stone             |       |       |       |       |       |       |     4 |       |       ||     4
       Javelin           |       |       |       |       |       |       |    34 |     2 |    23 ||    59
Invok: Heroism           |       |       |       |     2 |     2 |     3 |     4 |     3 |    12 ||    26
       Finesse           |       |       |       |       |       |       |       |       |     5 ||     5
  Use: Scroll            |       |       |       |     9 |    16 |     7 |     2 |       |     4 ||    38
       Potion            |       |       |       |       |       |     7 |       |     3 |       ||    10
 Stab: Petrified         |       |       |       |       |       |       |     2 |       |       ||     2
Armor: Scale mail        |    67 |    14 |       |       |       |       |       |       |       ||    81
       Plate armour      |       |    43 |   118 |   172 |   512 |   436 |   508 |   235 |   555 ||  2579
Dodge: Dodged            |    62 |    66 |   107 |   132 |   257 |   159 |   206 |   138 |   359 ||  1486
Block: Buckler           |    25 |    30 |    72 |    41 |       |       |       |       |       ||   168
       Kite shield       |       |       |       |   308 |   814 |   943 |  1009 |   552 |  1238 ||  4864
       Reflection        |       |       |       |    13 |    16 |    84 |   141 |     7 |    60 ||   321

Levels and vault maps discovered:
D:1:      lightli_iron_boxes, layout_basic
D:2:      layout_rooms, shapermc_ecumenical_altar_flowoftime
D:3:      layout_basic, uniq_natasha
D:4:      layout_rooms, serial_shops, nicolae_take_the_stairs,
          uniq_blork_the_orc
D:5:      layout_basic, minmay_temple_entry_stoned_glass, serial_shops,
          nicolae_lakefront_shop, grunt_ministairs_2,
          minmay_misc_feat_more_columns, kennysheep_generic_room_15
D:6:      layout_basic, serial_rivers, chequers_serial_rivers_small_a,
          chequers_serial_rivers_micro_c, chequers_serial_rivers_micro_d,
          chequers_serial_rivers_micro_b, chequers_serial_rivers_small_a
D:7:      layout_basic, chequers_temple_overflow_statue_of_worship,
          serial_shops, shop_statue, hellmonk_ghost_happy_afterlife,
          uniq_duvessa, uniq_joseph
D:8:      layout_loops_ring, amcnicky_altar_gilded, guppyfry_early_elven_hall,
          uniq_maurice
D:9:      kennysheep_blocky_room, layout_long_grid, erik_lair_orcish_takeover
D:10:     layout_stronghold, uniq_josephine, uniq_grum
D:11:     layout_stronghold, gauntlet_entry_generic, minmay_misc_feat_cross,
          serial_bayou_lake_a
D:12:     layout_roguey, zombieorc1_lemuel, chequers_serial_rivers_micro_c,
          nzn_sisyphean_effort
D:13:     layout_loops_ring
D:14:     layout_small_grid, david_vaults_5, serial_park_square2
D:15:     gammafunk_depths_entry_grave, layout_rooms, minivault_14,
          nicolae_hexahallways, minmay_shop_chei
Lair:1:   layout_regular_city, st_stairs_13, chequers_serial_rivers_room_a,
          serial_bayou_shore_a, grunt_megastairs_4, uniq_sonja
Lair:2:   layout_layer_cave, minmay_snake_entry_six_corridors,
          grunt_megastairs_1, uniq_maggie
Lair:3:   layout_roguey, elwin_shoals_entry_stream,
          chequers_serial_rivers_micro_d, minivault_19, grunt_megastairs_3
Lair:4:   layout_regular_city, gammafunk_lair_bear_cave,
          infiniplex_staircase_pool, serial_bayou_shore_b
Lair:5:   hangedman_lair_tendril_chambers, layout_misc_corridors,
          guppyfry_lair_end_dragon, slime_entry_1,
          nicolae_lair_run_with_the_wolves, infiniplex_staircase_pool_2,
          serial_bayou_shore_b
Shoals:1: layout_shoals
Shoals:2: layout_shoals, uniq_polyphemus
Shoals:3: layout_shoals, gammafunk_ghost_necromancy
Shoals:4: shoals_end_hellmonk_lost_city
Snake:1:  layout_gridlike, uniq_kirke, uniq_roxanne
Snake:2:  layout_grid_shapes, basic_altar
Snake:3:  layout_misc_corridors, grunt_ministairs_7, uniq_mara, uniq_aizul,
          uniq_donald
Snake:4:  minmay_snake_end_coiled, layout_chambers, minmay_shop_grove
Orc:1:    layout_caves, nicolae_volcano_entry_two_sided, basic_altar,
          serial_shops, shop, shop, shop
Orc:2:    st_orc_ogre_mass, layout_diamond_mine, uniq_saint_roka
Elf:1:    eino_elf_arrival_shootout, layout_loops_corners,
          gammafunk_ghost_berserking_beasts, orc_legates,
          serial_sigils_hangedman_confine, glass_columns_a
Elf:2:    nicolae_elf_blades_splatter_lattice
          [nicolae_blade_entry_hurt_lockers], layout_loops_corners,
          serial_sigils_hangedman_snap, minmay_strange_pillars,
          small_statue_intersection, uniq_jorgrun
Elf:3:    elf_hall, layout_loops_cross, basic_altar
Vaults:1: ontoclasm_vaults_shuriken, nicolae_vaults_asterisk, v_misc_28,
          nicolae_vaults_rhombus_7, v_alt_pattern_5, ontoclasm_vaults_pinch,
          vaults_room_door_ring, ontoclasm_vaults_chip,
          vaults_room_grunt_arrival_checkpoint, v_misc_18, v_misc_30,
          nicolae_vaults_little_squares_6, layout_vaults_maze_bifur
Vaults:2: v_misc_9, kb_rosetta, v_misc_19, ontoclasm_vaults_decontamination,
          nicolae_vaults_three_branches, v_misc_13, ontoclasm_vaults_twist,
          layout_vaults_chaotic_city, serial_shops, nicolae_shop_stone
Vaults:3: gammafunk_ghost_cemetery, nicolae_vaults_arrows,
          minmay_crypt_entry_skeletal_spiral, v_alt_pattern_1, v_misc_28,
          nicolae_vaults_specimen_jars, v_misc_17, st_lines,
          nicolae_vaults_network_s, vaults_room_corners, v_misc_22,
          nicolae_vaults_diagonal_hallway_7, nicolae_vaults_border_crossing,
          nicolae_vaults_little_squares_6, hangedman_vaults_slice,
          layout_vaults_omnicross, serial_shops, shop
Vaults:4: v_misc_23, vaults_room_ringed_pool, grunt_vaults_hallway_short,
          vaults_dpeg_hooks, v_misc_16, nicolae_vaults_alarming, v_misc_13,
          nicolae_vaults_little_ls, layout_vaults_omnigrid, serial_shops,
          shop_fountains
Vaults:5
Depths:1: layout_cave_pools, grunt_pan_entry_spiral, hell_entry,
          minmay_misc_feat_roman, kennysheep_opposing_triangles,
          infiniplex_staircase_pool_lava
Depths:2: kennysheep_large_spiral, layout_basic, nicolae_twisting_strands,
          pan_entry, hell_entry, minmay_three_doors
Depths:3: minmay_two_paths, layout_gridville, nicolae_wwwww,
          abyss_entry_small_statue_room, nicolae_hell_entry_hellmouth_sunbeams,
          rand_demon_pan_entry_8, uniq_vv
Depths:4: grunt_zot_entry_bicorn, layout_gridlike, enter_ziggurat_a,
          rand_demon_pan_entry_5, hell_entry
Zot:1:    layout_gridlike, gammafunk_ghost_split, grunt_ministairs_12
Zot:2:    nicolae_moth_party, layout_gridville, nicolae_diode_basic, uniq_tiamat
Zot:3:    layout_gridlike, lemuel_elevator
Zot:4:    layout_twisted_circle, hangedman_elemental_grid_stream
Zot:5:    layout_basic

Notes
Turn   | Place    | Note
-------+----------+-------------------------------------------
     0 | D:1      | Sanktem7 the Formicid Fighter began the quest for the Orb.
     0 | D:1      | Reached XP level 1. HP: 18/18 MP: 1/1
     0 | D:1      | magus.rc [v1.9.6]
    10 | D:1      | You fall into a shaft and drop 1 floor!
   178 | D:2      | Reached XP level 2. HP: 24/24 MP: 2/2
   277 | D:2      | Found a faded altar of an unknown god.
   387 | D:1      | Reached XP level 3. HP: 24/29 MP: 3/3
   615 | D:1      | Reached skill level 1 in Throwing
   965 | D:1      | You pick up a book of Power and begin reading...
   965 | D:1      | You add the spells Iskenderun's Battlesphere, Iron Shot and
                  | Spellforged Servitor to your library.
  1054 | D:1      | Reached XP level 4. HP: 34/36 MP: 4/4
  1278 | D:2      | Reached skill level 3 in Axes
  1507 | D:3      | Noticed Natasha
  1512 | D:3      | Killed Natasha
  1524 | D:3      | Noticed Natasha
  1531 | D:3      | Reached XP level 5. HP: 39/42 MP: 5/5
  1542 | D:3      | Killed Natasha
  1664 | D:3      | Found the +15 Maxwell's patent armour {-Cast -Tele rElec
                  | Will+ rCorr}
  1785 | D:3      | Noticed Natasha
  1798 | D:3      | Killed Natasha
  1799 | D:3      | Reached skill level 4 in Armour
  2125 | D:3      | You pick up a book of Air and begin reading...
  2125 | D:3      | You add the spells Shock and Airstrike to your library.
  2288 | D:4      | Reached skill level 4 in Fighting
  2288 | D:4      | Reached XP level 6. HP: 44/48 MP: 6/6
  2299 | D:4      | Reached skill level 5 in Shields
  2311 | D:4      | Noticed Blork the orc
  2320 | D:4      | Killed Blork the orc
  2321 | D:4      | Reached skill level 4 in Axes
  2321 | D:4      | Reached skill level 2 in Throwing
  2517 | D:4      | Found Kagucra's Armour Boutique.
  2540 | D:4      | Reached XP level 7. HP: 54/55 MP: 7/7
  2771 | D:5      | Entered Level 5 of the Dungeon
  2879 | D:5      | Found Ozadgha's Antique Armour Boutique.
  3260 | D:5      | You add the spells Alistair's Intoxication, Borgnjor's Vile
                  | Clutch and Eringya's Noxious Bog to your library.
  3400 | D:5      | Found a staircase to the Ecumenical Temple.
  3422 | D:5      | Reached skill level 5 in Axes
  3473 | D:5      | Reached skill level 3 in Throwing
  3473 | D:5      | Reached XP level 8. HP: 61/61 MP: 8/8
  3556 | D:5      | Reached skill level 5 in Armour
  3667 | D:5      | Reached skill level 5 in Fighting
  3667 | D:5      | Reached skill level 6 in Shields
  4021 | D:6      | You pick up a book of Lightning and begin reading...
  4021 | D:6      | You add the spells Static Discharge, Lightning Bolt and
                  | Maxwell's Capacitive Coupling to your library.
  4765 | D:6      | Reached skill level 6 in Axes
  4985 | D:7      | Found Cyud's General Store.
  5070 | D:7      | Bought 2 potions of curing for 78 gold pieces
  5070 | D:7      | Bought a scroll of identify for 26 gold pieces
  5071 | D:7      | Identified the +1 scale mail of Varoxzih {+Blink Int+5}
  5085 | D:7      | Reached XP level 9. HP: 60/68 MP: 9/9
  5086 | D:7      | Reached skill level 4 in Throwing
  5108 | D:7      | Reached skill level 7 in Shields
  5205 | D:7      | Found an iron altar of Okawaru.
  5206 | D:7      | Found an ornate altar of the Wu Jian Council.
  5207 | D:7      | Found a hide-covered altar of Uskayaw.
  5211 | D:7      | Became a worshipper of Warmaster Okawaru
  5295 | D:7      | Reached skill level 6 in Armour
  5364 | D:7      | Noticed Lysca's ghost (novice FoSu)
  5369 | D:7      | Found a runed translucent door.
  5639 | D:7      | Noticed Joseph
  5644 | D:7      | Killed Joseph
  5645 | D:7      | Reached skill level 6 in Fighting
  5645 | D:7      | Reached skill level 7 in Axes
  5645 | D:7      | Reached skill level 1 in Invocations
  5654 | D:7      | Identified the amulet "Kisy" {Reflect Int+4 SH+5}
  5826 | D:7      | Noticed Duvessa
  5827 | D:7      | Noticed Dowan
  5832 | D:7      | Killed Dowan
  5832 | D:7      | Reached * piety under Okawaru
  5837 | D:7      | Killed Duvessa
  6141 | D:7      | Killed Lysca's ghost
  6142 | D:7      | Reached skill level 2 in Invocations
  6202 | D:8      | Found a basalt altar of Yredelemnul.
  6354 | D:8      | Noticed Maurice
  6364 | D:8      | Killed Maurice
  6364 | D:8      | Reached ** piety under Okawaru
  6365 | D:8      | Reached skill level 5 in Throwing
  6365 | D:8      | Reached skill level 8 in Shields
  6365 | D:8      | Reached skill level 3 in Invocations
  6365 | D:8      | Reached XP level 10. HP: 75/77 MP: 12/12
  6442 | D:8      | Reached skill level 8 in Axes
  6454 | D:8      | Reached skill level 7 in Armour
  6458 | D:8      | Reached *** piety under Okawaru
  6459 | D:8      | Reached skill level 7 in Fighting
  6609 | D:8      | Reached skill level 4 in Invocations
  7107 | D:8      | Noticed a deep elf pyromancer
  7111 | D:8      | Killed a deep elf pyromancer
  7147 | D:8      | Reached **** piety under Okawaru
  7222 | D:8      | Identified 2 scrolls of acquirement
  7222 | D:8      | Acquired a +2 broad axe of freezing
  7226 | D:8      | Acquired the +2 shield of Resistance {rF++ rC++ Will++}
  7226 | D:8      | Found the +2 shield of Resistance {rF++ rC++ Will++}
  7261 | D:9      | Received a gift from Okawaru
  7268 | D:9      | Reached skill level 9 in Axes
  7268 | D:9      | Reached skill level 6 in Throwing
  7322 | D:9      | Reached XP level 11. HP: 84/84 MP: 14/14
  7358 | D:9      | Reached skill level 9 in Shields
  7414 | D:9      | Reached skill level 5 in Invocations
  7572 | D:9      | Received a gift from Okawaru
  7630 | D:9      | Found a staircase to the Lair.
  7640 | D:9      | Reached skill level 8 in Fighting
  7640 | D:9      | Reached skill level 8 in Armour
  7995 | D:9      | Noticed a manticore
  8002 | D:9      | Killed a manticore
  8064 | D:9      | Reached ***** piety under Okawaru
  8066 | D:9      | Noticed a wizard
  8074 | D:9      | Killed a wizard
  8074 | D:9      | Received a gift from Okawaru
  8075 | D:9      | Reached skill level 10 in Axes
  8504 | D:10     | Entered Level 10 of the Dungeon
  8556 | D:10     | Noticed Grum
  8578 | D:10     | Killed Grum
  8579 | D:10     | Reached skill level 10 in Shields
  8664 | D:10     | You pick up a book of the Warp and begin reading...
  8664 | D:10     | You add the spells Dispersal and Disjunction to your
                  | library.
  8742 | D:10     | Identified the +7 executioner's axe "Widowmaker" {drain,
                  | Drain Fly rElec rN+++} (Okawaru gifted it to you on level
                  | 10 of the Dungeon)
  8742 | D:10     | Received a gift from Okawaru
  8747 | D:10     | Reached skill level 7 in Throwing
  8747 | D:10     | I - the +7 executioner's axe "Widowmaker" {drain, Drain Fly
                  | rElec rN+++, axerare=g}
  8748 | D:10     | I - the +7 executioner's axe "Widowmaker" (weapon) {drain,
                  | Drain Fly rElec rN+++, axerare=g}
  8818 | D:10     | Noticed Josephine
  8828 | D:10     | Killed Josephine
  8829 | D:10     | Reached XP level 12. HP: 94/94 MP: 15/15
  8945 | D:10     | Identified the +2 robe of the Wheelwright {rF+ rC- rN+++
                  | rCorr} (Okawaru gifted it to you on level 10 of the
                  | Dungeon)
  8945 | D:10     | Received a gift from Okawaru
  9038 | D:10     | Reached skill level 11 in Axes
  9038 | D:10     | Reached skill level 9 in Armour
  9215 | D:10     | Reached skill level 9 in Fighting
  9313 | D:11     | Found a gate leading to a gauntlet.
  9321 | Gauntlet | Entered a Gauntlet
  9321 | Gauntlet | Found a transporter.
  9324 | Gauntlet | Found a transporter.
  9324 | Gauntlet | Found a transporter.
  9324 | Gauntlet | Found a transporter.
  9348 | Gauntlet | Found a transporter.
  9349 | Gauntlet | Found a transporter.
  9367 | Gauntlet | Found a transporter.
  9372 | Gauntlet | Identified the ring "Xaymposho" {Contam +Blink Will+ Int+4}
  9380 | Gauntlet | Noticed a death scarab
  9380 | Gauntlet | Found a transporter.
  9386 | Gauntlet | Killed a death scarab
  9387 | Gauntlet | Reached skill level 11 in Shields
  9387 | Gauntlet | Found a transporter.
  9387 | Gauntlet | Found a transporter.
  9390 | Gauntlet | Noticed a hell hog
  9403 | Gauntlet | Found a runed translucent door.
  9404 | Gauntlet | Found a transporter.
  9405 | Gauntlet | Found a transporter.
  9405 | Gauntlet | Found a transporter.
  9416 | Gauntlet | Killed a hell hog
  9418 | Gauntlet | Noticed a fire crab
  9425 | Gauntlet | Reached skill level 8 in Throwing
  9437 | Gauntlet | Identified the +1 hat of Leapfrog {Rampage}
  9536 | Gauntlet | Killed a fire crab
  9537 | Gauntlet | Found a transporter.
  9562 | Gauntlet | Noticed a minotaur
  9569 | Gauntlet | Killed a minotaur
  9574 | Gauntlet | Identified the +1 leather armour of the Stonemason {Int+8
                  | Dex+6}
  9592 | D:11     | Received a gift from Okawaru
  9593 | D:11     | Reached XP level 13. HP: 101/101 MP: 16/16
  9615 | D:11     | You pick up a book of Conjurations {@e2} and begin
                  | reading...
  9615 | D:11     | You add the spells Magic Dart, Searing Ray and Fulminant
                  | Prism to your library.
  9645 | D:11     | Reached skill level 12 in Axes
 10233 | D:11     | Reached skill level 10 in Armour
 10334 | D:11     | Identified the +1 leather armour of Brilliance {*Slow +Inv
                  | Int+4}
 10513 | D:11     | magus.rc [v1.9.6]
 10597 | D:12     | Reached skill level 10 in Fighting
 10682 | D:12     | Reached skill level 12 in Shields
 10687 | D:12     | Found a staircase to the Orcish Mines.
 11116 | D:12     | Noticed a seven-headed hydra
 11117 | D:12     | Noticed a boulder beetle
 11126 | D:12     | Killed a 15-headed hydra
 11138 | D:12     | Killed a boulder beetle
 11139 | D:12     | Reached skill level 9 in Throwing
 11869 | D:12     | I - the +7 executioner's axe "Widowmaker" (weapon) {drain,
                  | Drain Fly rElec rN+++, axerare=g}
 11869 | D:12     | a - the +7 executioner's axe "Widowmaker" (weapon) {drain,
                  | Drain Fly rElec rN+++, axerare=g}
 11873 | Orc:1    | Entered Level 1 of the Orcish Mines
 11886 | Orc:1    | Found Wumyrah's Magic Scroll Shop.
 11903 | Orc:1    | Noticed an ettin
 11911 | Orc:1    | Killed an ettin
 11918 | Orc:1    | Reached skill level 13 in Axes
 11927 | Orc:1    | Found a dark tunnel.
 11937 | Volcano  | Entered a volcano
 12164 | Volcano  | Received a gift from Okawaru
 12328 | Volcano  | Reached XP level 14. HP: 106/111 MP: 17/17
 12452 | Orc:1    | Bought a scroll of enchant weapon for 75 gold pieces
 12498 | Orc:1    | Found a radiant altar of Vehumet.
 12771 | Orc:1    | Found Eruozoi's Jewellery Shoppe.
 12821 | Orc:1    | Found Womemuts's Distillery.
 12828 | Orc:1    | Bought a potion of heal wounds for 70 gold pieces
 12959 | D:13     | Really unwield a - the +7 executioner's axe "Widowmaker"
                  | {drain, Drain Fly rElec rN+++, axerare=g}?
 13190 | D:13     | Really wield a - the +7 executioner's axe "Widowmaker"
                  | {drain, Drain Fly rElec rN+++, axerare=g}?
 13190 | D:13     | Really wield a - the +7 executioner's axe "Widowmaker"
                  | {drain, Drain Fly rElec rN+++, axerare=g}?
 13190 | D:13     | Really wield a - the +7 executioner's axe "Widowmaker"
                  | {drain, Drain Fly rElec rN+++, axerare=g}?
 13190 | D:13     | a - the +7 executioner's axe "Widowmaker" (weapon) {drain,
                  | Drain Fly rElec rN+++, axerare=g}
 13349 | D:13     | Reached skill level 11 in Armour
 13521 | D:13     | Reached skill level 13 in Shields
 13575 | D:13     | Reached skill level 11 in Fighting
 13816 | D:13     | You pick up a book of Cantrips and begin reading...
 13816 | D:13     | You add the spells Necrotise and Apportation to your
                  | library.
 13885 | D:13     | Really unwield a - the +7 executioner's axe "Widowmaker"
                  | {drain, Drain Fly rElec rN+++, axerare=g}?
 14049 | D:13     | Really wield a - the +7 executioner's axe "Widowmaker"
                  | {drain, Drain Fly rElec rN+++, axerare=g}?
 14049 | D:13     | Really wield a - the +7 executioner's axe "Widowmaker"
                  | {drain, Drain Fly rElec rN+++, axerare=g}?
 14049 | D:13     | a - the +7 executioner's axe "Widowmaker" (weapon) {drain,
                  | Drain Fly rElec rN+++, axerare=g}
 14318 | D:14     | Reached ****** piety under Okawaru
 14319 | D:14     | Reached skill level 14 in Axes
 14320 | D:14     | Received a gift from Okawaru
 14329 | D:14     | Reached skill level 10 in Throwing
 14425 | D:14     | Identified the +2 pair of gloves "Qyejitewkee" {Fly Will+++
                  | Regen+ Str-4} (Okawaru gifted it to you on level 14 of the
                  | Dungeon)
 14425 | D:14     | Received a gift from Okawaru
 14762 | D:14     | Found a gate to the Vaults.
 14959 | D:14     | Found a radiant altar of Vehumet.
 15030 | D:14     | You pick up a book of Displacement and begin reading...
 15030 | D:14     | You add the spells Lesser Beckoning, Gell's Gravitas and
                  | Teleport Other to your library.
 15311 | D:15     | Entered Level 15 of the Dungeon
 15345 | D:15     | Found a staircase to the Depths.
 15361 | D:15     | Reached XP level 15. HP: 43/120 MP: 18/18
 15372 | D:15     | Reached skill level 14 in Shields
 15708 | D:15     | Found Cheibriados's Comfort Zone.
 15708 | D:15     | Found a snail-covered altar of Cheibriados.
 15956 | D:15     | Reached skill level 12 in Armour
 16121 | Lair:1   | Entered Level 1 of the Lair of Beasts
 16138 | Lair:1   | You pick up a book of the Tundra and begin reading...
 16138 | Lair:1   | You add the spells Hailstorm and Ice Form to your library.
 16175 | Lair:1   | You pick up a book of Necromancy and begin reading...
 16175 | Lair:1   | You add the spells Vampiric Draining and Agony to your
                  | library.
 16214 | Lair:1   | Noticed Sonja
 16227 | Lair:1   | Killed Sonja
 16267 | Lair:1   | Reached skill level 15 in Axes
 16271 | Lair:1   | Reached skill level 12 in Fighting
 16874 | Lair:2   | Noticed Maggie
 16885 | Lair:2   | Killed Maggie
 16895 | Lair:2   | Identified the +6 hand axe of Bankruptcy {holy, rN+ Str+5
                  | Dex+2}
 17046 | Lair:2   | Received a gift from Okawaru
 17046 | Lair:2   | Found the +3 robe of Clouds {*Thunder rCloud rElec}
 17053 | Lair:2   | Found a staircase to the Snake Pit.
 18050 | Lair:3   | Found a staircase to the Shoals.
 18422 | Lair:3   | You pick up a book of Maledictions and begin reading...
 18422 | Lair:3   | You add the spells Anguish and Enfeeble to your library.
 19289 | Lair:4   | Identified the +1 broad axe of the Twenty Wonders {pain,
                  | *Noise rElec rC+++ rN+}
 19635 | Lair:5   | Entered Level 5 of the Lair of Beasts
 19638 | Lair:5   | Received a gift from Okawaru
 19639 | Lair:5   | Reached skill level 15 in Shields
 19655 | Lair:5   | Received a gift from Okawaru
 19657 | Lair:5   | Reached skill level 16 in Axes
 19736 | Lair:5   | Reached XP level 16. HP: 124/129 MP: 19/19
 19774 | Lair:5   | You pick up a book of Displacement and begin reading...
 19810 | Lair:5   | Received a gift from Okawaru
 19822 | Lair:5   | Reached skill level 13 in Armour
 19829 | Lair:5   | Found a staircase to the Slime Pits.
 19829 | Lair:5   | Found the +11 plutonium sword {Contam Stlth-}
 19830 | Lair:5   | Found a viscous altar of Jiyva.
 19891 | Lair:5   | Reached skill level 13 in Fighting
 19945 | Lair:5   | Received a gift from Okawaru
 20615 | Lair:5   | Found the +4 robe of Folly {Brilliance Will-∞ Int+8}
 20638 | Lair:5   | Identified the amulet of the Distant Future {Spirit -Cast
                  | Will+++ Str-3 Stlth+}
 20693 | Lair:5   | Found a staircase to the Slime Pits.
 20694 | Lair:5   | Found a viscous altar of Jiyva.
 20782 | Snake:1  | Entered Level 1 of the Snake Pit
 20783 | Snake:1  | Noticed Kirke
 20783 | Snake:1  | Identified Roxanne's Guide on the Ground
 20783 | Snake:1  | Noticed Roxanne
 20799 | Snake:1  | Killed Kirke
 21112 | Snake:1  | Received a gift from Okawaru
 21113 | Snake:1  | Reached skill level 17 in Axes
 21205 | Snake:1  | Reached skill level 16 in Shields
 21231 | Snake:1  | You pick up a book of Conjurations {@e2} and begin
                  | reading...
 21743 | Snake:2  | Found an ancient bone altar of Kikubaaqudgha.
 21905 | Snake:2  | You pick up a book of Spectacle and begin reading...
 21905 | Snake:2  | You add the spells Dazzling Flash, Iskenderun's Mystic
                  | Blast and Starburst to your library.
 21957 | Snake:2  | Reached XP level 17. HP: 138/138 MP: 20/20
 22346 | Snake:3  | Noticed Donald
 22352 | Snake:3  | Killed Donald
 22368 | Snake:3  | k - a +3 double sword of holy wrath {longrare=g}
 22400 | Snake:3  | Reached skill level 14 in Armour
 22480 | Snake:3  | Reached skill level 14 in Fighting
 22509 | Snake:3  | You add the spells Ignite Poison, Mephitic Cloud and
                  | Freezing Cloud to your library.
 22542 | Snake:3  | Reached skill level 6 in Invocations
 22635 | Snake:3  | Noticed Mara
 22640 | Snake:3  | Noticed Sanktem7's illusion
 22653 | Snake:3  | Killed Mara
 22653 | Snake:3  | Received a gift from Okawaru
 22829 | Snake:3  | Noticed Aizul
 22839 | Snake:3  | Killed Aizul
 22850 | Snake:3  | You pick up a book of the Earth and begin reading...
 22850 | Snake:3  | You add the spells Leda's Liquefaction, Lee's Rapid
                  | Deconstruction and Statue Form to your library.
 22940 | Snake:3  | You drop a +3 double sword of holy wrath {longrare=g}.
 22949 | Snake:3  | Acquired 363 gold pieces
 22952 | Snake:4  | Entered Level 4 of the Snake Pit
 23255 | Snake:4  | Reached skill level 18 in Axes
 23410 | Snake:4  | Reached skill level 7 in Invocations
 23448 | Snake:4  | Received a gift from Okawaru
 23545 | Snake:4  | Reached skill level 17 in Shields
 23565 | Snake:4  | You are cast into the Abyss!
 23565 | Abyss:2  | Cast into level 2 of the Abyss (naga)
 23853 | Abyss:2  | Noticed a tentacled starspawn
 23866 | Abyss:2  | Killed a tentacled starspawn
 23886 | Abyss:2  | Gained mutation: You have hidden genetic defects. [a
                  | neqoxec]
 23898 | Abyss:2  | Reached XP level 18. HP: 105/117 MP: 19/19
 23967 | Snake:4  | You pass through the gate.
 23967 | Snake:4  | Escaped the Abyss
 23976 | Snake:4  | Reached skill level 8 in Invocations
 24121 | Snake:4  | Got a serpentine rune of Zot
 24135 | Snake:4  | Gained mutation: You occasionally lose the ability to read
                  | scrolls when taking damage. [hidden defects]
 24228 | Snake:4  | Found Kiseaschamm's Jewellery Shoppe.
 24230 | Snake:4  | Found Kohilusch's Book Boutique.
 24231 | Snake:4  | Found Detheij's Jewellery Shoppe.
 24540 | Snake:4  | Lost mutation: You have hidden genetic defects. [potion of
                  | mutation]
 24540 | Snake:4  | Lost mutation: You occasionally lose the ability to read
                  | scrolls when taking damage. [potion of mutation]
 24540 | Snake:4  | Gained mutation: You are strong-willed. (Will+) [potion of
                  | mutation]
 24540 | Snake:4  | Gained mutation: Your skin changes colour to match your
                  | surroundings (Stealth+). [potion of mutation]
 24541 | Snake:4  | Lost mutation: You are strong-willed. (Will+) [potion of
                  | mutation]
 24541 | Snake:4  | Lost mutation: Your skin changes colour to match your
                  | surroundings (Stealth+). [potion of mutation]
 24541 | Snake:4  | Gained mutation: Armour fits poorly on your strangely
                  | shaped body. [potion of mutation]
 24541 | Snake:4  | Gained mutation: Your spells are a little harder to cast,
                  | but a little more powerful. [potion of mutation]
 24542 | Snake:4  | Lost mutation: Armour fits poorly on your strangely shaped
                  | body. [potion of mutation]
 24542 | Snake:4  | Lost mutation: Your spells are a little harder to cast, but
                  | a little more powerful. [potion of mutation]
 24542 | Snake:4  | Gained mutation: Your spells are a little harder to cast,
                  | but a little more powerful. [potion of mutation]
 24542 | Snake:4  | Gained mutation: You are clumsy. (Dex -2) [potion of
                  | mutation]
 24542 | Snake:4  | Gained mutation: You occasionally shout uncontrollably at
                  | your foes. [potion of mutation]
 24544 | Snake:4  | Lost mutation: You are clumsy. (Dex -2) [potion of
                  | mutation]
 24544 | Snake:4  | Lost mutation: You occasionally shout uncontrollably at
                  | your foes. [potion of mutation]
 24544 | Snake:4  | Gained mutation: You are frail. (-10% HP) [potion of
                  | mutation]
 24544 | Snake:4  | Gained mutation: Your body sometimes deteriorates upon
                  | taking damage. [potion of mutation]
 24544 | Snake:4  | Gained mutation: You are partially covered in iridescent
                  | scales. (AC +2) [potion of mutation]
 24545 | Snake:4  | Lost mutation: You are frail. (-10% HP) [potion of
                  | mutation]
 24545 | Snake:4  | Lost mutation: Your spells are a little harder to cast, but
                  | a little more powerful. [potion of mutation]
 24545 | Snake:4  | Gained mutation: You are dopey. (Int -2) [potion of
                  | mutation]
 24545 | Snake:4  | Gained mutation: You are robust. (+10% HP) [potion of
                  | mutation]
 24545 | Snake:4  | Gained mutation: Your spells are a little harder to cast,
                  | but a little more powerful. [potion of mutation]
 24570 | Snake:4  | Lost mutation: You are partially covered in iridescent
                  | scales. (AC +2) [potion of mutation]
 24570 | Snake:4  | Lost mutation: Your spells are a little harder to cast, but
                  | a little more powerful. [potion of mutation]
 24570 | Snake:4  | Lost mutation: You are dopey. (Int -2) [potion of mutation]
 24570 | Snake:4  | Lost mutation: You are robust. (+10% HP) [potion of
                  | mutation]
 24570 | Snake:4  | Gained mutation: You are weak. (Str -2) [potion of
                  | mutation]
 24570 | Snake:4  | Gained mutation: You are somewhat resistant to further
                  | mutation. [potion of mutation]
 24571 | Snake:4  | Lost mutation: You are weak. (Str -2) [potion of mutation]
 24571 | Snake:4  | Lost mutation: You are somewhat resistant to further
                  | mutation. [potion of mutation]
 24571 | Snake:4  | Lost mutation: Your body sometimes deteriorates upon taking
                  | damage. [potion of mutation]
 24571 | Snake:4  | Gained mutation: Your spells are a little easier to cast,
                  | but a little less powerful. [potion of mutation]
 24571 | Snake:4  | Gained mutation: You have large cloven feet. [potion of
                  | mutation]
 24571 | Snake:4  | Gained mutation: Your muscles are strong. (Str +4, Int/Dex
                  | -1) [potion of mutation]
 24571 | Snake:4  | Gained mutation: You are strong-willed. (Will+) [potion of
                  | mutation]
 24802 | Orc:2    | Entered Level 2 of the Orcish Mines
 24832 | Orc:2    | Found a staircase to the Elven Halls.
 24895 | Orc:2    | Received a gift from Okawaru
 24958 | Orc:2    | Noticed Saint Roka
 24978 | Orc:2    | Killed Saint Roka
 25110 | Orc:2    | Reached skill level 15 in Armour
 25113 | Orc:2    | Reached skill level 15 in Fighting
 25352 | Orc:2    | Found Zurch's Distillery.
 25352 | Orc:2    | Found Opacopu's Magic Scroll Shoppe.
 25353 | Orc:2    | Found Obbap's Weapon Shoppe.
 25353 | Orc:2    | Found Pirgh's Weapon Shop.
 25361 | Orc:2    | Bought a scroll of acquirement for 728 gold pieces
 25363 | Orc:2    | Acquired a manual of Fighting
 25529 | Elf:1    | Entered Level 1 of the Elven Halls
 25540 | Elf:1    | Received a gift from Okawaru
 25541 | Elf:1    | Reached skill level 19 in Axes
 25758 | Elf:1    | Found a transporter.
 25771 | Elf:1    | Noticed Yvysoi's ghost (adept DjHW)
 25812 | Elf:1    | Reached skill level 9 in Invocations
 25868 | Elf:1    | Found a transporter.
 26375 | Elf:1    | Reached skill level 18 in Shields
 26376 | Elf:1    | Found a runed translucent gate.
 26376 | Elf:1    | Found a runed translucent gate.
 26376 | Elf:1    | Found a runed translucent gate.
 26376 | Elf:1    | Found a runed translucent gate.
 26376 | Elf:1    | Found a runed translucent gate.
 26380 | Elf:1    | Found a runed translucent gate.
 26389 | Elf:1    | Received a gift from Okawaru
 26405 | Elf:1    | You pick up a book of Blasting and begin reading...
 26470 | Elf:1    | Reached XP level 19. HP: 65/156 MP: 26/26
 26477 | Elf:1    | HP: 39/156 [storm dragon/bolt of lightning (11)]
 26953 | Elf:2    | Noticed Jorgrun
 26964 | Elf:2    | Killed Jorgrun
 27138 | Elf:2    | Reached skill level 16 in Fighting
 27142 | Elf:2    | Reached skill level 10 in Invocations
 27149 | Elf:2    | a deep elf pyromancer comes into view. It is wielding the
                  | +9 staff of Olgreb {rPois∞}.
 27153 | Elf:2    | Identified the +6 chain mail of the Vacuum {rCorr Str+4}
                  | (Okawaru gifted it to you on level 2 of the Elven Halls)
 27153 | Elf:2    | Received a gift from Okawaru
 27366 | Elf:2    | Found a runed translucent gate.
 27366 | Elf:2    | Found a runed translucent gate.
 27366 | Elf:2    | Found a runed translucent gate.
 27675 | Elf:2    | Noticed a deep elf blademaster
 27684 | Elf:2    | Killed a deep elf blademaster
 27721 | Elf:2    | Reached skill level 20 in Axes
 27769 | Elf:2    | F - a +0 executioner's axe of distortion {!waxerare=g}
 28169 | Shoals:1 | Entered Level 1 of the Shoals
 28873 | Shoals:2 | Reached skill level 16 in Armour
 28929 | Shoals:2 | Noticed Polyphemus
 28954 | Shoals:2 | Killed Polyphemus
 29019 | Shoals:2 | Reached skill level 11 in Invocations
 29053 | Shoals:2 | Reached XP level 20. HP: 167/167 MP: 28/28
 29056 | Shoals:2 | Received a gift from Okawaru
 29093 | Shoals:2 | Reached skill level 17 in Fighting
 29168 | Shoals:2 | Reached skill level 19 in Shields
 29737 | Shoals:2 | You drop a +0 executioner's axe of distortion
                  | {!waxerare=g}.
 29743 | Shoals:2 | Acquired a manual of Armour
 29746 | Shoals:2 | F - a +0 executioner's axe of distortion {!waxerare=g}
 30040 | Shoals:3 | Identified the +9 spear of Integrity {vorpal, Fly rN+++
                  | Int+2 Dex-2} (Okawaru gifted it to you on level 3 of the
                  | Shoals)
 30040 | Shoals:3 | Received a gift from Okawaru
 30171 | Shoals:3 | Found a runed translucent gate.
 30171 | Shoals:3 | Found a runed translucent gate.
 30171 | Shoals:3 | Found a runed translucent gate.
 30172 | Shoals:3 | Noticed Usoappun's ghost (adept MiGl)
 30683 | Shoals:3 | Killed Usoappun's ghost
 30760 | Shoals:3 | You drop a +0 executioner's axe of distortion
                  | {!waxerare=g}.
 30790 | Shoals:4 | Entered Level 4 of the Shoals
 30971 | Shoals:4 | HP: 42/170 [merfolk javelineer/silver javelin (14)]
 30980 | Shoals:4 | HP: 38/170 [merfolk javelineer/silver javelin (12)]
 31212 | Shoals:4 | Identified the +2 scale mail of the Jabberwock {rPois rCorr
                  | Str+4 Dex+3} (Okawaru gifted it to you on level 4 of the
                  | Shoals)
 31212 | Shoals:4 | Received a gift from Okawaru
 31260 | Shoals:4 | Reached skill level 18 in Fighting
 31260 | Shoals:4 | Reached skill level 17 in Armour
 31260 | Shoals:4 | Reached skill level 12 in Invocations
 31405 | Shoals:4 | Reached skill level 21 in Axes
 31557 | Shoals:4 | Reached XP level 21. HP: 154/178 MP: 30/30
 31755 | Shoals:4 | Identified the +1 ring mail "Veich" {rF- rC+ Int+4 Stlth+}
 31759 | Shoals:4 | Got a barnacled rune of Zot
 32445 | Elf:3    | Entered Level 3 of the Elven Halls
 32511 | Elf:3    | Reached skill level 20 in Shields
 32607 | Elf:3    | Found an ancient bone altar of Kikubaaqudgha.
 32668 | Elf:3    | Identified the +9 tower shield "Plog" {Rampage rCorr SInv}
                  | (Okawaru gifted it to you on level 3 of the Elven Halls)
 32668 | Elf:3    | Received a gift from Okawaru
 33131 | Elf:3    | Reached skill level 18 in Armour
 33165 | Elf:3    | Reached skill level 19 in Fighting
 33192 | Elf:3    | HP: 35/180 [deep elf sorcerer/damnation (18)]
 33204 | Elf:3    | HP: 26/180 [deep elf sorcerer/bolt of acid (6)]
 33796 | Elf:3    | Identified the ring "Yploip" {Fly rN+++ Str-5 Dex+4 Stlth+}
 33840 | Elf:3    | Found the amulet of the Four Winds {rN+ Will+++ Clar}
 33849 | Elf:3    | Identified the amulet of Appebloc {Spirit rPois rC+ MP+9
                  | Int+2}
 33857 | Elf:3    | Identified the ring "Zureulo" {Fly rPois Str+5}
 33867 | Elf:3    | Identified the ring "Ocvin" {rCorr MP+9 Int+2 SInv}
 33872 | Elf:3    | You pick up a book of Blasting and begin reading...
 33873 | Elf:3    | Identified the +0 ring mail of Valiance {*Corrode rF+++
                  | rC+++ Int-4}
 33886 | Elf:3    | Found the +3 giant club "Skullcrusher" {speed, Str+7}
 33889 | Elf:3    | Identified the +0 chain mail of the Doldrums {Str-4 Int+9
                  | Dex-2}
 33898 | Elf:3    | Identified the amulet "Fiech" {Reflect +Blink SH+5}
 33978 | Elf:3    | You pick up a book of Callings and begin reading...
 33985 | Elf:3    | Identified the +3 leather armour of Dioroinn {Rampage
                  | Int+2}
 34219 | Depths:1 | Entered Level 1 of the Depths
 34243 | Depths:1 | Reached skill level 22 in Axes
 34334 | Depths:1 | Identified the +1 cloak of Gaag {rElec rC+ Int+3 Slay+5}
                  | (Okawaru gifted it to you on level 1 of the Depths)
 34334 | Depths:1 | Received a gift from Okawaru
 34457 | Depths:1 | Reached XP level 22. HP: 169/189 MP: 31/31
 34476 | Depths:1 | Reached skill level 19 in Armour
 34510 | Depths:1 | Found a one-way gate leading to the halls of Pandemonium.
 34562 | Depths:1 | Reached skill level 20 in Fighting
 34667 | Depths:1 | Identified a +0 robe of the Archmagi
 34787 | Depths:1 | Found a gateway to Hell.
 34797 | Depths:1 | Reached skill level 21 in Shields
 34870 | Depths:1 | You pick up a book of Touch and begin reading...
 34870 | Depths:1 | You add the spells Sticky Flame and Dispel Undead to your
                  | library.
 34885 | Depths:1 | You pick up a book of Ice and begin reading...
 35108 | Depths:2 | You pick up a book of Flames and begin reading...
 35108 | Depths:2 | You add the spells Foxfire, Conjure Flame, Inner Flame and
                  | Flame Wave to your library.
 35234 | Depths:2 | Identified the +2 war axe "Vashed" {vamp, Will+ Dex+5}
                  | (Okawaru gifted it to you on level 2 of the Depths)
 35234 | Depths:2 | Received a gift from Okawaru
 35392 | Depths:2 | You pick up a book of Geomancy and begin reading...
 35392 | Depths:2 | You add the spells Sandblast, Passwall and Stone Arrow to
                  | your library.
 35488 | Depths:2 | You are sucked into a shaft and drop 2 floors!
 35488 | Depths:4 | Entered Level 4 of the Depths
 35488 | Depths:4 | Found the ring of the Hare {EV+8}
 35585 | Depths:4 | Found a one-way gateway to a ziggurat.
 35769 | Depths:4 | Noticed a bone dragon
 35773 | Depths:4 | Reached skill level 20 in Armour
 35773 | Depths:4 | Found a gate to the Realm of Zot.
 35773 | Depths:4 | Noticed a bone dragon
 35783 | Depths:4 | HP: 47/192 [bone dragon (16)]
 35787 | Depths:4 | Killed a bone dragon
 35788 | Depths:4 | Killed a bone dragon
 35788 | Depths:4 | HP: 36/192 [rime drake/flash freeze[a white draconian
                  | stormcaller] (12)]
 35789 | Depths:4 | Reached skill level 23 in Axes
 35790 | Depths:4 | HP: 17/192 [death drake][a white draconian stormcaller]
                  | (8)]
 35799 | Depths:4 | HP: 28/192 [yaktaur captain/bolt (4)]
 35806 | Depths:4 | HP: 44/192 [black draconian knight/+2 vorpal war axe (16)]
 35811 | Depths:4 | Identified the +1 pair of boots of Yzovoqem {Str+3 SInv}
                  | (Okawaru gifted it to you on level 4 of the Depths)
 35811 | Depths:4 | Received a gift from Okawaru
 35952 | Depths:4 | +0 storm dragon scales {rare}; a storm dragon corpse
 36025 | Depths:4 | Gained mutation: Potions are less effective at restoring
                  | your health. [a cacodemon]
 36254 | Depths:4 | You pick up a book of Weapons and begin reading...
 36254 | Depths:4 | You add the spells Portal Projectile and Blade Hands to
                  | your library.
 36598 | Depths:4 | a +2 pair of boots of rampaging; the +2 war axe "Vashed"
                  | {vamp, Will+ Dex+5, axe}; +0 storm dragon scales {rare}
 36612 | Depths:4 | a +2 pair of boots of rampaging; the +2 war axe "Vashed"
                  | {vamp, Will+ Dex+5, axe}; +0 storm dragon scales {rare}
 36715 | Depths:3 | Identified a potion of experience
 36724 | Depths:3 | Reached skill level 4 in Dodging
 36724 | Depths:3 | Reached XP level 23. HP: 199/199 MP: 32/32
 36734 | Depths:3 | Reached XP level 24. HP: 206/206 MP: 32/32
 36738 | Depths:3 | Noticed Vv
 37065 | Depths:3 | Reached skill level 21 in Fighting
 37197 | Depths:3 | Identified the +5 hand axe of the Jocular God {speed,
                  | Int+4} (Okawaru gifted it to you on level 3 of the Depths)
 37197 | Depths:3 | Received a gift from Okawaru
 37238 | Depths:3 | Killed Vv
 37239 | Depths:3 | Reached skill level 22 in Shields
 37543 | Depths:3 | Found a one-way gate to the infinite horrors of the Abyss.
 37794 | Depths:3 | Noticed a golden dragon
 37803 | Depths:3 | Killed a golden dragon
 37803 | Depths:3 | Identified +0 gold dragon scales
 37805 | Depths:3 | +0 gold dragon scales {rare}; a golden dragon corpse
 37868 | Depths:3 | Noticed a caustic shrike
 37869 | Depths:3 | Noticed a caustic shrike
 37872 | Depths:3 | Killed a caustic shrike
 37874 | Depths:3 | Killed a caustic shrike
 37875 | Depths:3 | Reached skill level 21 in Armour
 37876 | Depths:3 | Received a gift from Okawaru
 37898 | Depths:3 | Identified the ring "Acwacs" {Ice Will- Str+4 Dex+6 Stlth+}
 38087 | Vaults:1 | Entered Level 1 of the Vaults
 38174 | Vaults:1 | Received a gift from Okawaru
 38256 | Vaults:1 | Reached skill level 24 in Axes
 38755 | Vaults:1 | Reached XP level 25. HP: 215/215 MP: 32/32
 38951 | Vaults:2 | Reached skill level 5 in Dodging
 39064 | Vaults:2 | Identified the +1 glaive of Purpose {vamp, SInv} (Okawaru
                  | gifted it to you on level 2 of the Vaults)
 39064 | Vaults:2 | Received a gift from Okawaru
 39488 | Vaults:2 | You pick up a book of Burglary and begin reading...
 39560 | Vaults:2 | Reached skill level 23 in Shields
 39571 | Vaults:2 | You pick up a book of Armaments and begin reading...
 39621 | Vaults:2 | Reached skill level 6 in Dodging
 39667 | Vaults:2 | Found Wamen's Magic Scroll Boutique.
 40132 | Vaults:3 | Reached skill level 22 in Fighting
 40171 | Vaults:3 | Identified the +1 pair of gloves "Rohur" {Dex+6} (Okawaru
                  | gifted it to you on level 3 of the Vaults)
 40171 | Vaults:3 | Received a gift from Okawaru
 40287 | Vaults:3 | Noticed a dread lich
 40310 | Vaults:3 | Killed a dread lich
 40311 | Vaults:3 | Reached skill level 22 in Armour
 40311 | Vaults:3 | Reached skill level 7 in Dodging
 40487 | Vaults:3 | Identified the +7 spear of Truth {holy, Str+3}
 41220 | Vaults:3 | Found Puozo's Armour Boutique.
 41295 | Vaults:3 | Reached XP level 26. HP: 226/226 MP: 32/32
 41348 | Vaults:3 | Found a staircase to the Crypt.
 41413 | Vaults:3 | Identified the +9 longbow "Glorpo" {speed, rCorr}
 41483 | Vaults:3 | Found a runed translucent gate.
 41483 | Vaults:3 | Found a runed translucent gate.
 41483 | Vaults:3 | Found a runed translucent gate.
 41483 | Vaults:3 | Noticed mantisjm's ghost (veteran HOFi)
 41483 | Vaults:3 | Noticed wjh11's ghost (veteran MiBe)
 41504 | Vaults:3 | Killed mantisjm's ghost
 41517 | Vaults:3 | Killed wjh11's ghost
 41522 | Vaults:3 | Reached skill level 8 in Dodging
 41530 | Vaults:3 | Identified the +1 hat of Amorality {rPois Will+ Str+3}
 41591 | Vaults:4 | Found Itzampeqi's Jewellery Emporium.
 41633 | Vaults:4 | Bought the ring "Geisima" {Str+6 Slay+3} for 834 gold
                  | pieces
 41718 | Vaults:4 | Reached skill level 24 in Shields
 41934 | Vaults:4 | Identified the +0 robe of Muggue {rF- rN+ Regen+ MP+9}
                  | (Okawaru gifted it to you on level 4 of the Vaults)
 41934 | Vaults:4 | Received a gift from Okawaru
 42774 | Vaults:5 | Entered Level 5 of the Vaults
 42792 | Vaults:5 | Reached skill level 23 in Fighting
 42793 | Vaults:5 | Reached skill level 9 in Dodging
 42825 | Vaults:5 | Identified the +4 glaive of the Magi {vorpal, +Blink Will+
                  | Stlth+}
 43060 | Vaults:5 | Reached skill level 23 in Armour
 43093 | Vaults:5 | Received a gift from Okawaru
 43093 | Vaults:5 | Found the +14 obsidian axe {vorpal, Mesm Drain Fly SInv}
 43198 | Vaults:5 | Acquired a manual of Unarmed Combat
 43255 | Vaults:5 | Reached XP level 27. HP: 236/236 MP: 32/32
 43265 | Vaults:5 | Noticed a dread lich
 43277 | Vaults:5 | Reached skill level 10 in Dodging
 43278 | Vaults:5 | Reached skill level 25 in Shields
 43279 | Vaults:5 | Identified the amulet of Wutell {Drain +Inv rN+ Regen+}
 43283 | Vaults:5 | Killed a dread lich
 43325 | Vaults:5 | Got a silver rune of Zot
 43327 | Vaults:5 | Identified the +1 scale mail of Hedonism {rElec rPois
                  | Int-2}
 43346 | Vaults:5 | Identified the ring "Zemoda" {rPois MP+9 SInv}
 43491 | Vaults:5 | Identified the +1 robe "Abekhag" {Str+6}
 43578 | Vaults:5 | Identified the +4 buckler of the Lizard {Fly rF+ Int-2
                  | Stlth+}
 43882 | Vaults:5 | Identified the +9 quarterstaff of Past Mistakes {flame,
                  | Str+5}
 43991 | Vaults:5 | You pick up a book of Vapours and begin reading...
 43991 | Vaults:5 | You add the spells Poisonous Vapours and Corpse Rot to your
                  | library.
 44084 | Vaults:5 | You pick up a book of Vapours and begin reading...
 44381 | Zot:1    | Entered Level 1 of the Realm of Zot
 44388 | Zot:1    | Identified a +0 crystal plate armour (Okawaru gifted it to
                  | you on level 1 of the Realm of Zot)
 44388 | Zot:1    | Received a gift from Okawaru
 44388 | Zot:1    | Identified +0 gold dragon scales
 44390 | Zot:1    | +0 gold dragon scales {rare}; a golden dragon corpse
 44446 | Zot:1    | C - a +0 crystal plate armour {rare=g}
 44447 | Zot:1    | You drop a +0 crystal plate armour {rare=g}.
 45015 | Zot:1    | +0 storm dragon scales {rare}; a storm dragon corpse
 45022 | Zot:1    | Reached skill level 11 in Dodging
 45055 | Zot:1    | Found a runed translucent gate.
 45055 | Zot:1    | Found a runed translucent gate.
 45055 | Zot:1    | Found a runed translucent gate.
 45059 | Zot:1    | Noticed Gupaxyh's ghost (veteran TrCA)
 45380 | Zot:1    | C - a +0 crystal plate armour {rare=g}
 45492 | Zot:2    | Reached skill level 24 in Fighting
 45525 | Zot:2    | Found the +4 dragonskin cloak
 45525 | Zot:2    | Tiamat, Avatar of the Dragonlord comes into view. She is
                  | wielding a +3 vorpal bardiche and wearing the +4 dragonskin
                  | cloak.
 45525 | Zot:2    | Noticed Tiamat
 45789 | Zot:2    | Killed Tiamat
 45818 | Zot:2    | +0 storm dragon scales {rare}; a storm dragon corpse
 45973 | Zot:2    | You drop a +0 crystal plate armour {rare=g}.
 45978 | Zot:2    | C - a +0 crystal plate armour {rare=g}
 46127 | Zot:2    | Reached skill level 26 in Shields
 46252 | Zot:2    | Received a gift from Okawaru
 46264 | Zot:2    | Noticed an orb of fire
 46264 | Zot:2    | Gained mutation: Your movements are slightly less
                  | encumbered by armour. (ER -2) [an orb of fire]
 46272 | Zot:2    | Killed an orb of fire
 46273 | Zot:2    | Reached skill level 24 in Armour
 46325 | Zot:2    | Found a transporter.
 46657 | Zot:3    | Received a gift from Okawaru
 46722 | Zot:3    | quicksilver dragon scales {rare}; a quicksilver dragon
                  | corpse; a moth of wrath corpse
 46835 | Zot:3    | Identified +0 gold dragon scales
 47417 | Zot:3    | Reached skill level 12 in Dodging
 47417 | Zot:3    | You drop a +0 crystal plate armour {rare=g}.
 47428 | Zot:3    | C - a +0 crystal plate armour {rare=g}
 47500 | Zot:4    | Identified the amulet "Riguz" {Faith *Slow rF+ Int+5}
 47552 | Zot:4    | Identified the +7 plate armour of Weirdness {Regen+ Slay+2}
 47859 | Zot:4    | Noticed a curse toe
 47876 | Zot:4    | Noticed a curse toe
 47877 | Zot:4    | Killed a curse toe
 47886 | Zot:4    | Killed a curse toe
 48088 | Zot:4    | Identified the +1 tower shield of Hiulode {*Slow rN++ Will+
                  | Dex+3} (Okawaru gifted it to you on level 4 of the Realm of
                  | Zot)
 48088 | Zot:4    | Received a gift from Okawaru
 48206 | Zot:4    | Noticed an orb of fire
 48226 | Zot:4    | Killed an orb of fire
 48238 | Zot:4    | Noticed a shard shrike
 48259 | Zot:4    | Killed a shard shrike
 48661 | Zot:5    | Entered Level 5 of the Realm of Zot
 48661 | Zot:5    | Noticed a curse toe
 48661 | Zot:5    | Noticed a curse toe
 48672 | Zot:4    | Killed a curse toe
 48810 | Zot:5    | Killed a curse toe
 48880 | Zot:5    | Noticed a curse toe
 48884 | Zot:5    | Killed a curse toe
 48986 | Zot:5    | Noticed an orb of fire
 48986 | Zot:5    | Gained mutation: Your mind is acute. (Int +4, Str/Dex -1)
                  | [an orb of fire]
 49002 | Zot:5    | Gained mutation: You occasionally lose the ability to read
                  | scrolls when taking damage. [an orb of fire]
 49003 | Zot:5    | Killed an orb of fire
 49043 | Zot:5    | Reached skill level 25 in Fighting
 49043 | Zot:5    | Noticed a dread lich
 49046 | Zot:5    | Noticed an orb of fire
 49051 | Zot:5    | Noticed a Killer Klown
 49066 | Zot:5    | Noticed an orb of fire
 49067 | Zot:5    | Reached skill level 27 in Shields
 49077 | Zot:4    | Killed a Killer Klown
 49079 | Zot:4    | Reached skill level 13 in Dodging
 49186 | Zot:5    | Gained mutation: Potions cannot restore your health. [an
                  | orb of fire]
 49192 | Zot:5    | Killed an orb of fire
 49192 | Zot:5    | Identified the +0 pair of boots of Kleptomania {rElec Dex-4
                  | Slay+4} (Okawaru gifted it to you on level 5 of the Realm
                  | of Zot)
 49192 | Zot:5    | Received a gift from Okawaru
 49195 | Zot:5    | Killed a dread lich
 49195 | Zot:5    | Noticed a Killer Klown
 49196 | Zot:5    | Killed an orb of fire
 49212 | Zot:5    | Killed a Killer Klown
 49213 | Zot:5    | Reached skill level 25 in Armour
 49216 | Zot:5    | Noticed an ancient lich
 49220 | Zot:5    | Noticed a Killer Klown
 49222 | Zot:5    | Killed an ancient lich
 49222 | Zot:5    | a Killer Klown changed into a titan
 49227 | Zot:5    | Noticed an ancient lich
 49230 | Zot:5    | Noticed a Killer Klown
 49244 | Zot:4    | Killed an ancient lich
 49409 | Zot:5    | Killed a Killer Klown
 49410 | Zot:5    | Noticed an ancient lich
 49424 | Zot:5    | Killed an ancient lich
 49452 | Zot:5    | Noticed a Killer Klown
 49452 | Zot:5    | Noticed a Killer Klown
 49473 | Zot:5    | Killed a Killer Klown
 49477 | Zot:5    | Noticed a Killer Klown
 49479 | Zot:5    | Killed a Killer Klown
 49481 | Zot:5    | Noticed a dread lich
 49481 | Zot:5    | Noticed a Killer Klown
 49494 | Zot:5    | Killed a Killer Klown
 49498 | Zot:5    | Killed a Killer Klown
 49508 | Zot:5    | HP: 44/243 [???[a dread lich] (22)]
 49509 | Zot:5    | Killed a dread lich
 49710 | Zot:5    | Noticed an electric golem
 49724 | Zot:5    | Killed an electric golem
 49754 | Zot:5    | Noticed a dread lich
 49762 | Zot:5    | Killed a dread lich
 49763 | Zot:5    | Reached skill level 14 in Dodging
 49844 | Zot:5    | Noticed a Killer Klown
 49851 | Zot:5    | Noticed an electric golem
 49857 | Zot:5    | Killed a Killer Klown
 49903 | Zot:5    | Received a gift from Okawaru
 49917 | Zot:5    | Killed an electric golem
 50081 | Zot:5    | Received a gift from Okawaru
 50106 | Zot:5    | Got the Orb of Zot
 50166 | Zot:5    | HP: 56/244 [??? (28)]
 50214 | Zot:4    | Identified +1 pearl dragon scales
 50214 | Zot:4    | Noticed a seraph
 50221 | Zot:4    | HP: 59/244 [angel/+3 whip of holy wrath[a seraph] (15)]
 50224 | Zot:4    | Mangled by a seraph

Vanquished Creatures
  Tiamat (Zot:2)
  5 dread liches
  Mara (Snake:3)
  3 ancient liches
  5 orbs of fire
  Vv (Depths:3)
  8 Killer Klowns
  A shard shrike (Zot:4)
  Saint Roka (Orc:2)
  5 curse toes
  The ghost of mantisjm the Hoplite, a veteran HOFi of Qazlal (Vaults:3)
  The ghost of wjh11 the Executioner, a veteran MiBe of Trog (Vaults:3)
  2 caustic shrikes (Depths:3)
  7 golden dragons
  2 bone dragons (Depths:4)
  A Tzitzimitl (Zot:5)
  2 electric golems (Zot:5)
  Jorgrun (Elf:2)
  17 tentacled monstrosities
  A walking earthen tome (Depths:3)
  11 quicksilver dragons
  3 deep elf blademasters
  24 Orb Guardians (Zot:5)
  2 liches
  A walking frostbound tome (Depths:3)
  2 deep elf master archers (Elf:3)
  4 titans
  7 death cobs
  2 krakens
  3 tentacled starspawn (Abyss:2)
  The ghost of Usoappun the Executioner, an adept MiGl of Okawaru (Shoals:3)
  Kirke (Snake:1)
  12 sphinxes
  Polyphemus (Shoals:2)
  8 storm dragons
  6 draconian monks
  Donald (Snake:3)
  6 shadow dragons
  5 tengu reavers
  6 nagarajas
  10 fire giants
  5 draconian knights
  An orc warlord (Orc:2)
  3 frost giants
  A cacodemon (Depths:4)
  2 iron dragons
  6 deep elf sorcerers
  Aizul (Snake:3)
  A ghost moth (Zot:2)
  5 draconian stormcallers
  9 draconian scorchers
  6 draconian shifters
  3 deep elf elementalists (Elf:3)
  17 vault wardens
  21 ironbound preservers
  6 draconian annihilators
  A caustic shrike skeleton (Depths:1)
  2 war gargoyles
  21 very ugly things
  2 spriggan defenders (Depths:4)
  7 ironbound thunderhulks
  11 deep elf demonologists
  8 green draconians
  3 vampire knights
  11 black draconians
  16 white draconians
  11 stone giants
  2 entropy weavers
  A starcursed mass (Abyss:2)
  10 deep elf annihilators (Elf:3)
  A lorocyproca (Abyss:2)
  8 yellow draconians
  11 purple draconians
  11 dire elephants
  18 red draconians
  4 minotaurs
  2 deep elf death magi
  6 merfolk javelineers
  Josephine (D:10)
  5 fire dragons
  7 merfolk impalers
  14 ettins
  6 great orbs of eyes
  2 crystal guardians
  8 deep elf high priests
  10 yaktaur captains
  3 boulder beetles
  39 vault guards
  2 peacekeepers
  4 salamander tyrants
  6 hydras
  5 ice dragons
  A catoblepas (Shoals:2)
  6 spriggan air magi
  4 merfolk avatars
  2 rakshasas (Depths:1)
  6 ironbound frosthearts
  2 alligator snapping turtles
  6 ogre magi
  18 two-headed ogres
  7 anacondas
  7 naga warriors
  29 dancing weapons
  8 centaur warriors
  16 satyrs
  5 merfolk aquamancers
  7 deep troll shamans
  A death scarab (Gauntlet)
  A hell hog (Gauntlet)
  6 shock serpents
  3 vampire magi
  2 death yaks (Shoals:2)
  4 tengu warriors
  3 thrashing horrors (Abyss:2)
  8 deep troll earth magi
  A shock serpent (shapeshifter) (Vaults:5)
  5 spriggans
  7 spriggan berserkers
  5 naga sharpshooters
  9 hell knights
  8 sun demons (Depths:3)
  2 titan skeletons (Vaults:3)
  3 wretched stars (Abyss:2)
  A soul eater (Depths:4)
  A fire crab (Gauntlet)
  2 salamander mystics
  10 iron trolls
  13 deep elf knights
  3 glowing orange brains
  2 glowing orange brains (shapeshifter) (Vaults:5)
  7 skeletal warriors
  12 lindwurms
  A golden dragon zombie (D:15)
  61 deep trolls
  3 sea snakes (Shoals:4)
  A spectral hydra (Gauntlet)
  The ghost of Lysca the Summoner, a novice FoSu of Gozag (D:7)
  A swamp dragon (Lair:5)
  4 phantasmal warriors (Vaults:5)
  2 naga ritualists (Snake:2)
  A flayed ghost (Depths:3)
  23 deep elf archers
  29 harpies
  12 wizards
  7 necromancers
  18 deep elf zephyrmancers
  21 ironbound convokers
  A stone giant zombie (D:15)
  3 wolf spiders (Lair:5)
  10 salamanders
  7 mana vipers
  A sphinx skeleton (Depths:1)
  37 deep elf pyromancers
  4 orc sorcerers
  52 ugly things
  A shining eye (Depths:3)
  25 moths of wrath
  9 cyclopes
  2 frost giant skeletons
  24 manticores
  12 fauns
  A faun (shapeshifter) (Depths:3)
  A worldbinder (Abyss:2)
  33 black mambas
  9 naga magi
  Maurice (D:8)
  9 water nymphs
  2 fire giant skeletons
  10 elephants
  10 merfolk sirens
  20 vault sentinels
  2 human skeletons (Vaults:3)
  2 torpor snails
  13 cane toads
  2 rust devils
  4 smoke demons
  2 unseen horrors
  An eye of devastation (Depths:3)
  2 guardian serpents
  A cane toad (shapeshifter) (Depths:2)
  A hellion (Depths:3)
  Joseph (D:7)
  2 gargoyles
  2 elf skeletons (Vaults:3)
  6 rime drakes
  6 freezing wraiths
  2 kobold demonologists
  6 komodo dragons
  Maggie (Lair:2)
  An efreet (D:14)
  2 tengu conjurers (Depths:1)
  A yaktaur (shapeshifter) (Depths:1)
  16 yaktaurs
  A yaktaur skeleton (Vaults:3)
  A red devil (Zot:4)
  An ice devil (Depths:4)
  3 spectral merfolk (Shoals:3)
  4 trolls
  31 merfolk
  28 slime creatures
  A large abomination (Abyss:2)
  8 hornets
  A polar bear (Lair:4)
  A raiju (shapeshifter) (D:15)
  4 wind drakes
  A raiju (Abyss:2)
  An ettin zombie (D:15)
  A sphinx simulacrum (Depths:1)
  7 blink frogs
  6 snapping turtles
  13 dream sheep
  7 wraiths
  3 air elementals
  A culicivora (Vaults:5)
  27 water elementals
  2 spriggans (shapeshifter)
  A shadow (D:10)
  3 humans (Snake:1)
  A deep troll skeleton (Vaults:3)
  A black mamba zombie (Abyss:2)
  12 wyverns
  3 hogs (Snake:1)
  2 ynoxinuls
  76 yaks
  10 fire bats (Gauntlet)
  Grum (D:10)
  A vampire (D:11)
  11 fire elementals
  A neqoxec (Abyss:2)
  5 redbacks
  7 basilisks
  A chaos spawn (Depths:1)
  3 steam dragons (Lair:5)
  3 small abominations (Abyss:2)
  2 sea snake simulacra (Shoals:3)
  10 vampire mosquitoes
  3 wargs
  A harpy simulacrum (Shoals:3)
  7 hell hounds
  31 nagas
  2 hydra simulacra (Zot:4)
  2 acid dragons (Lair:5)
  24 water moccasins
  Duvessa (D:7)
  2 glowing shapeshifter skeletons (Vaults:3)
  19 orc warriors
  A sky beast (D:7)
  A floating eye zombie (D:15)
  An ogre skeleton (Vaults:3)
  A satyr simulacrum (Shoals:3)
  A black bear (Lair:4)
  A tengu (shapeshifter) (Vaults:5)
  27 wolves
  7 centaurs
  31 ogres
  4 kobold brigands
  4 phantoms
  Blork the orc (D:4)
  14 bullfrogs
  A gnoll sergeant (D:9)
  3 earth elementals
  A necrophage (D:6)
  A merfolk simulacrum (Shoals:3)
  2 scorpions
  9 wights
  Dowan (D:7)
  5 killer bees (D:11)
  2 manticore simulacra (Shoals:3)
  7 howler monkeys
  13 electric eels
  4 jellies
  14 orc priests
  4 hounds
  2 gnoll boudas
  2 iron imps (Gauntlet)
  17 orc wizards
  8 iguanas
  Natasha (thrice) (D:3)
  6 ogre zombies (D:12)
  5 adders
  13 gnolls
  A shadow imp (D:7)
  2 white imps
  3 dart slugs
  60 orcs
  7 bats
  9 endoplasms
  4 giant cockroaches
  9 goblins
  6 hobgoblins
  7 jackals
  21 kobolds
  4 quokkas
  8 ball pythons
  2 frilled lizards
  4 goblin zombies (D:12)
  5 hobgoblin zombies (D:12)
  2 orc skeletons (D:12)
  8 orc zombies (D:12)
  4 bushes (D:14)
  3 starspawn tentacles (Abyss:2)
  3 tentacles (Shoals:2)
2124 creatures vanquished.

Vanquished Creatures (others)
  A ghost moth (Zot:2)
  A satyr (Shoals:4)
  Sonja (Lair:1)
  2 deep elf knights
  2 deep elf zephyrmancers
  A manticore (Shoals:4)
  2 fauns (Shoals:4)
  A komodo dragon (Lair:5)
  A merfolk (Shoals:4)
  A water elemental (Shoals:3)
  An orc (Elf:1)
  15 fungi
  87 plants
  7 starspawn tentacles (Abyss:2)
  5 tentacles
  6 withered plants
134 creatures vanquished.

Grand Total: 2258 creatures vanquished

Table legend:
 A = Non-vault XP
 B = Vault XP
 C = Vault XP percentage of total XP
 D = Non-vault monster count
 E = Vault monster count
 F = Vault count percentage of total count
                 A         B        C        D         E       F
            +---------+---------+-------+---------+---------+-------
      Total |  723397 |  603086 |  45.5 |    1339 |     779 |  36.8
            +---------+---------+-------+---------+---------+-------
        D:1 |      64 |       0 |   0.0 |      26 |       0 |   0.0
        D:2 |      32 |       0 |   0.0 |      17 |       0 |   0.0
        D:3 |      91 |      35 |  27.8 |      12 |       1 |   7.7
        D:4 |     252 |      91 |  26.5 |      25 |       1 |   3.8
        D:5 |     582 |      59 |   9.2 |      17 |       4 |  19.0
        D:6 |     458 |       0 |   0.0 |      14 |       0 |   0.0
        D:7 |     825 |    1293 |  61.0 |      24 |       4 |  14.3
        D:8 |    2048 |     944 |  31.6 |      22 |       2 |   8.3
        D:9 |    3230 |    2590 |  44.5 |      23 |      15 |  39.5
       D:10 |    4181 |    2226 |  34.7 |      21 |       9 |  30.0
       D:11 |    4991 |       0 |   0.0 |      26 |       0 |   0.0
       D:12 |    4208 |    1902 |  31.1 |      22 |      30 |  57.7
       D:13 |    7489 |       0 |   0.0 |      15 |       0 |   0.0
       D:14 |   10375 |    4846 |  31.8 |      25 |       7 |  21.9
       D:15 |    3288 |    4674 |  58.7 |       9 |       8 |  47.1
     Lair:1 |    1180 |    1667 |  58.6 |       8 |       8 |  50.0
     Lair:2 |    7339 |    2633 |  26.4 |      31 |      10 |  24.4
     Lair:3 |    3240 |    2461 |  43.2 |      17 |       7 |  29.2
     Lair:4 |    5820 |     468 |   7.4 |      23 |       3 |  11.5
     Lair:5 |   11989 |   16512 |  57.9 |      47 |      61 |  56.5
   Shoals:1 |    7374 |       0 |   0.0 |      15 |       0 |   0.0
   Shoals:2 |   19813 |    3900 |  16.4 |      36 |       4 |  10.0
   Shoals:3 |   15971 |    3462 |  17.8 |      36 |      11 |  23.4
   Shoals:4 |   23984 |   31714 |  56.9 |      51 |      46 |  47.4
    Snake:1 |    7486 |    2065 |  21.6 |      15 |       4 |  21.1
    Snake:2 |   17339 |       0 |   0.0 |      32 |       0 |   0.0
    Snake:3 |   13213 |    8070 |  37.9 |      24 |       4 |  14.3
    Snake:4 |    7194 |   16023 |  69.0 |      14 |      30 |  68.2
      Orc:1 |    3496 |       0 |   0.0 |      39 |       0 |   0.0
      Orc:2 |    3328 |   20999 |  86.3 |      25 |      50 |  66.7
      Elf:1 |   10232 |   14609 |  58.8 |      19 |      32 |  62.7
      Elf:2 |   22117 |   25968 |  54.0 |      36 |      32 |  47.1
      Elf:3 |   21311 |   32611 |  60.5 |      33 |      29 |  46.8
   Vaults:1 |   24331 |   18273 |  42.9 |      37 |      22 |  37.3
   Vaults:2 |   28109 |   13271 |  32.1 |      35 |      14 |  28.6
   Vaults:3 |   40014 |   52505 |  56.8 |      55 |      67 |  54.9
   Vaults:4 |   31176 |    1677 |   5.1 |      43 |       2 |   4.4
   Vaults:5 |   20258 |   92869 |  82.1 |      28 |      87 |  75.7
   Depths:1 |   51338 |    3197 |   5.9 |      74 |       5 |   6.3
   Depths:2 |   24120 |     948 |   3.8 |      29 |       1 |   3.3
   Depths:3 |   38088 |   32779 |  46.3 |      45 |      28 |  38.4
   Depths:4 |   18368 |   19491 |  51.5 |      21 |      18 |  46.2
      Zot:1 |   50641 |    5943 |  10.5 |      44 |       4 |   8.3
      Zot:2 |   20908 |   28059 |  57.3 |      15 |      24 |  61.5
      Zot:3 |   32159 |       0 |   0.0 |      23 |       0 |   0.0
      Zot:4 |   38360 |   20128 |  34.4 |      34 |      12 |  26.1
      Zot:5 |   44947 |   98150 |  68.6 |      31 |      41 |  56.9
    Abyss:2 |   16040 |       0 |   0.0 |      26 |       0 |   0.0
    Volcano |       0 |    6399 | 100.0 |       0 |      18 | 100.0
   Gauntlet |       0 |    7575 | 100.0 |       0 |      24 | 100.0
            +---------+---------+-------+---------+---------+-------

Illustrated notes

Table legend:
 A = Kills in this place as a percentage of kills in entire the game.
 B = Kills by you in this place as a percentage of kills by you in the entire game.
 C = Kills by friends in this place as a percentage of kills by friends in the entire game.
 D = Other kills in this place as a percentage of other kills in the entire game.
 E = Experience gained in this place as a percentage of experience gained in the entire game.
 F = Experience gained in this place divided by the number of levels of this place that you have seen.
                   A       B       C       D       E      F
               +-------+-------+-------+-------+-------+----------------------
         Total | 100.0 | 100.0 |   N/A | 100.0 | 100.0 | 26536.1
       Dungeon |  17.9 |  18.0 |   N/A |   0.0 |   4.6 | 4051.6
          Lair |  10.1 |  10.1 |   N/A |  22.2 |   4.0 | 10661.8
        Shoals |   9.4 |   9.3 |   N/A |  22.2 |   8.0 | 26554.5
     Snake Pit |   5.8 |   5.8 |   N/A |   0.0 |   5.4 | 17847.5
  Orcish Mines |   5.4 |   5.4 |   N/A |   0.0 |   2.1 | 13911.5
   Elven Halls |   8.5 |   8.4 |   N/A |  44.4 |   9.6 | 42282.7
        Vaults |  18.4 |  18.5 |   N/A |   0.0 |  24.3 | 64496.6
        Depths |  10.4 |  10.5 |   N/A |   0.0 |  14.2 | 47082.2
           Zot |  10.8 |  10.8 |   N/A |  11.1 |  25.6 | 67923.4
         Abyss |   1.2 |   1.2 |   N/A |   0.0 |   1.2 | 16040.0
       Volcano |   0.8 |   0.9 |   N/A |   0.0 |   0.5 | 6399.0
      Gauntlet |   1.1 |   1.1 |   N/A |   0.0 |   0.6 | 7575.0
               +-------+-------+-------+-------+-------+----------------------

Table legend: (Time is in decaauts)
 A = Elapsed time spent in this place.
 B = Non-inter-level travel time spent in this place.
 C = Inter-level travel time spent in this place.
 D = Time resting spent in this place.
 E = Time spent auto-exploring this place.
 F = Levels seen in this place.
 G = Mean time per level.
                   A        B        C        D        E       F      G
               +--------+--------+--------+--------+--------+-----+--------+
         Total |  50084 |  47042 |   3042 |   2430 |  32767 |  50 | 1001.7 |
       Dungeon |  15560 |  14494 |   1066 |    318 |  11640 |  15 | 1037.3 |
          Lair |   4887 |   4585 |    302 |      0 |   3662 |   5 |  977.4 |
        Shoals |   4027 |   3856 |    171 |    357 |   2488 |   4 | 1006.8 |
     Snake Pit |   3521 |   3401 |    120 |      0 |   2670 |   4 |  880.2 |
  Orcish Mines |   1383 |   1280 |    103 |      0 |    983 |   2 |  691.5 |
   Elven Halls |   4190 |   3810 |    380 |    127 |   2433 |   3 | 1396.7 |
        Vaults |   5962 |   5591 |    371 |     94 |   4309 |   5 | 1192.4 |
        Depths |   3780 |   3523 |    257 |    101 |   2514 |   4 |  945.0 |
           Zot |   5584 |   5314 |    270 |   1117 |   1929 |   5 | 1116.8 |
         Abyss |    404 |    404 |      0 |      9 |      0 |   1 |  404.0 |
       Volcano |    508 |    508 |      0 |    221 |    138 |   1 |  508.0 |
      Gauntlet |    273 |    273 |      0 |     86 |      1 |   1 |  273.0 |
               +--------+--------+--------+--------+--------+-----+--------+

Top non-repeatable levels by time:
   Elf:2: 1578 daAuts
   Zot:4: 1572 daAuts
Vaults:3: 1452 daAuts
    D:12: 1434 daAuts
     D:9: 1365 daAuts
    D:13: 1357 daAuts
   Zot:1: 1355 daAuts
   Elf:3: 1348 daAuts
Shoals:3: 1346 daAuts
Vaults:4: 1321 daAuts
Depths:3: 1316 daAuts
     D:7: 1309 daAuts
   Elf:1: 1263 daAuts
  Lair:2: 1244 daAuts
 Snake:4: 1236 daAuts
